 Dungeon Crawl Stone Soup version 0.29-a0-857-g9b1aa3ac5b (webtiles) character file.

Game seed: 743588645913449842

28 gobodom the Stinger (level 3, 0/24 HPs)
             Began as a Demonspawn Venom Mage on July 16, 2022.
             Frozen to death by an endoplasm (5 damage)
             ... on level 2 of the Dungeon.
             The game lasted 00:02:51 (1404 turns).

gobodom the Stinger (Demonspawn Venom Mage)         Turns: 1404, Time: 00:02:52

Health: 0/24       AC:  8    Str:  8    XL:     3   Next: 0%
Magic:  0/6        EV: 12    Int: 18    God:
Gold:   30         SH:  0    Dex: 13    Spells: 3/6 levels left

rFire   . . .      SeeInvis .   e - +0 mace (venom)
rCold   . . .      Faith    .   (no shield)
rNeg    . . .      Spirit   .   a - +0 robe
rPois   .          Reflect  .   (helmet restricted)
rElec   .          Harm     .   (no cloak)
rCorr   .          Rampage  .   (no gloves)
Will    .....                   (no boots)
Stlth   ++........              (no amulet)
HPRegen 0.08/turn               (no ring)
MPRegen 0.10/turn               (no ring)

@: sanguine armoured
A: antennae 1, sanguine armour 1
a: no special abilities


You were on level 2 of the Dungeon.
You visited 1 branch of the dungeon, and saw 2 of its levels.

You collected 30 gold pieces.

Inventory:

Hand Weapons
 e - a +0 mace of venom (weapon)
Armour
 a - a +0 robe (worn)
Scrolls
 b - a scroll of immolation {unknown}
 c - a scroll of magic mapping {unknown}
 d - a scroll of teleportation {unknown}
 f - a scroll of summoning {unknown}


   Skills:
 + Level 0.2 Fighting
 + Level 2.0 Dodging
 + Level 1.8 Stealth
 + Level 2.2 Spellcasting
 + Level 1.2 Transmutations
 + Level 3.5 Poison Magic


You had 3 spell levels left.
You knew the following spells:

 Your Spells              Type           Power      Damage    Failure   Level
a - Sting                 Tmut/Pois      40%        1d5       7%          1
b - Poisonous Vapours     Pois/Air       16%        N/A       13%         2

Your spell library contained the following spells:

 Spells                   Type           Power      Damage    Failure   Level
 Summon Small Mammal      Summ           8%         N/A       19%         1
 Mephitic Cloud           Conj/Pois/Air  6%         N/A       32%         3
 Call Canine Familiar     Summ           2%         N/A       47%         3
 Summon Guardian Golem    Hex/Summ       2%         N/A       47%         3
 Olgreb's Toxic Radiance  Pois           14%        N/A       38%         4


Dungeon Overview and Level Annotations

Branches:
Dungeon (2/15)

Altars:

Shops:
D:1 *


Innate Abilities, Weirdness & Mutations

You have a pair of small antennae on your head.
When seriously injured, your blood forms armour. (AC +6)


Message History

A jackal comes into view.
The hobgoblin closely misses you.
The jackal bites you but does no damage.
The hobgoblin hits you.
Your blood congeals into armour.
The jackal misses you.
You hit the jackal.
The jackal is moderately wounded.
The jackal barely misses you. The hobgoblin completely misses you.
The jackal misses you.
You hit the jackal.
The jackal is severely wounded.
The hobgoblin barely misses you. The jackal misses you.
The hobgoblin completely misses you.
An endoplasm comes into view.
The sting hits the jackal.
The jackal is poisoned.
You kill the jackal!
The jackal closely misses you. The hobgoblin barely misses you.
You hit the jackal but do no damage.
The jackal is poisoned.
The jackal bites you but does no damage. x2
The hobgoblin misses you.
You closely miss the jackal.
The jackal is heavily wounded.
The jackal bites you but does no damage.
The hobgoblin hits you.
The jackal bites you but does no damage.
You hit the jackal but do no damage.
The jackal looks as sick as possible!
The jackal is severely wounded.
You kill the jackal!
The hobgoblin hits you. The hobgoblin barely misses you.
The endoplasm freezes you.
You are frozen.
* * * LOW HITPOINT WARNING * * *
You have reached level 3!
Your experience leads to an increase in your attributes!
Increase (S)trength, (I)ntelligence, or (D)exterity?
You feel clever. x2; Your demonic ancestry asserts itself...
A pair of antennae grows on your head!
You hit the endoplasm but do no damage. The endoplasm freezes you.
You are frozen.
You die...

...........# ...........#
...........#
...####...#########
..................+
.#.<.............# ##
##...............# ..#
.................####...##
........._.####.@J........
...........# #..g†.......
...........# #...........
...........# #...........
...........# #...........
...........# #.P.........
............ ....P.......
.................P........
.......(.....[


You could see an endoplasm and a hobgoblin.

Vanquished Creatures
  A dart slug (D:2)
  3 ball pythons
  A bat zombie (D:2)
  3 endoplasms (D:1)
  3 goblins (D:1)
  A hobgoblin (D:1)
  4 jackals (D:2)
  4 bats (D:1)
  A kobold (D:1)
  2 rats (D:1)
23 creatures vanquished.

Vanquished Creatures (others)
  2 withered plants (D:2)
2 creatures vanquished.

Grand Total: 25 creatures vanquished

Notes
Turn   | Place    | Note
-------+----------+-------------------------------------------
     0 | D:1      | gobodom the Demonspawn Venom Mage began the quest for the
                  | Orb.
     0 | D:1      | Reached XP level 1. HP: 13/13 MP: 3/3
   473 | D:1      | Reached skill level 1 in Transmutations
   495 | D:1      | Gained mutation: When seriously injured, your blood forms
                  | armour. (AC +6) [demonic ancestry]
   495 | D:1      | Reached XP level 2. HP: 19/19 MP: 3/5
   658 | D:1      | Found Meniniy's General Store.
  1207 | D:1      | Learned a level 2 spell: Poisonous Vapours
  1293 | D:2      | Found a faded altar of an unknown god.
  1404 | D:2      | Gained mutation: You have a pair of small antennae on your
                  | head. [demonic ancestry]
  1404 | D:2      | Reached XP level 3. HP: 5/24 MP: 0/6
  1404 | D:2      | Frozen to death by an endoplasm

Illustrated notes

Levels and vault maps discovered:
D:1:      giann_forest_graveyard, layout_loops_ring, serial_shops,
          nicolae_square_shop
D:2:      layout_basic, serial_undead, serial_undead_a, serial_undead_d,
          serial_undead_a, serial_undead_b, serial_undead_f, serial_undead_a,
          serial_undead_c, basic_ecumenical_altar

Skill      XL: |  1  2 |
---------------+-------+-----
Transmutations | 1 |  1.2
Dodging        | 2 |  2.0
Fighting       | |  0.2
Stealth        | |  1.8
Spellcasting   | |  2.2
Poison Magic   | |  3.5

Action                   || total
-------------------------++-------
Melee: Unarmed           ||     6
       Punch             ||     2
       Mace              ||    20
 Cast: Sting             ||    36
  Use: Potion            ||     1
Armor: Robe              ||    25
Dodge: Dodged            ||    38

Table legend: (Time is in decaauts)
 A = Elapsed time spent in this place.
 B = Non-inter-level travel time spent in this place.
 C = Inter-level travel time spent in this place.
 D = Time resting spent in this place.
 E = Time spent auto-exploring this place.
 F = Levels seen in this place.
 G = Mean time per level.
                   A        B        C        D        E       F      G
               +--------+--------+--------+--------+--------+-----+--------+
         Total |   1410 |   1325 |     85 |      0 |   1146 |   2 |  705.0 |
       Dungeon |   1410 |   1325 |     85 |      0 |   1146 |   2 |  705.0 |
               +--------+--------+--------+--------+--------+-----+--------+

Top non-repeatable levels by time:
     D:1: 1294 daAuts
     D:2: 115 daAuts
